Map: Acid Plant LE

Players

Proxy - Winner!

  • Race: Terran Terran
  • Spawn Location: 11:00

CinDra

  • Race: Zerg Zerg
  • League: Silver
  • Spawn Location: 5:00

VOD

Have the link to the VOD?

Description

Time

  • Played on: Feb. 23, 2018, 10:38 p.m.
  • Length: 7:49
Show
View Real Time Build Order
Export as new Build Order

Proxy Terran - Winner!

Build Orders: Reaper Expand, Mech 

Get SALT Encoding   

  12  0:00  SCV  
  13  0:13  SCV  
  14  0:17  Supply Depot  
  14  0:25  SCV  
  14  0:27  Refinery  
  15  0:38  SCV  
  16  0:45  Barracks  
  16  0:50  SCV  
  17  1:03  SCV  
  18  1:15  SCV  
  19  1:32  Orbital Command  
  19  1:33  Reaper  
  20  1:48  Command Center  
  20  1:59  SCV, Supply Depot  
  21  2:05  Reaper  
  22  2:12  SCV  
  23  2:16  Factory  
  23  2:24  SCV, Refinery  
  24  2:36  SCV  
  25  2:39  Barracks Reactor  
  25  2:48  SCV  
  26  3:00  SCV  
  26  3:01  Hellion, Orbital Command  
  29  3:12  SCV  
  30  3:22  Command Center  
  30  3:24  SCV  
  33  3:36  SCV  
  32  3:44  Supply Depot  
  32  3:46  Hellion x2  
  32  3:47  SCV  
  37  3:48  SCV  
  38  3:59  SCV  
  38  4:01  SCV  
  40  4:03  Supply Depot  
  40  4:07  Hellion x2  
  44  4:11  SCV  
  44  4:14  Armory  
  45  4:17  SCV, Armory  
  45  4:22  Supply Depot  
  45  4:24  SCV  
  47  4:29  SCV  
  47  4:31  Hellion  
  50  4:33  Hellion  
  52  4:38  Orbital Command  
  52  4:42  SCV  
  52  4:43  SCV  
  54  4:47  Factory  
  54  4:48  Barracks Tech Lab  
  54  4:54  SCV  
  54  4:55  SCV, Hellion  
  54  4:57  Hellion  
  60  5:04  SCV, Refinery  
  60  5:06  SCV  
  62  5:07  SCV  
  62  5:08  Refinery  
  63  5:15  Barracks Reactor  
  63  5:16  SCV, Terran Vehicle Weapons Level 1  
  63  5:17  Terran Vehicle And Ship Armor Level 1  
  63  5:18  Supply Depot  
  64  5:22  SCV  
  64  5:27  Starport  
  65  5:30  Engineering Bay  
  65  5:34  Supply Depot  
  65  5:35  SCV x2, Supply Depot  
  67  5:49  Hellion x2  
  71  5:52  SCV x2  
  71  5:53  Orbital Command  
  73  5:57  Supply Depot  
  75  6:04  Hellion  
  75  6:12  Refinery  
  75  6:14  Sensor Tower  
  75  6:15  Refinery  
  69  6:22  SCV x2  
  69  6:25  Supply Depot  
  71  6:27  SCV  
  71  6:32  Siege Tank  
  77  6:33  Hellion x2  
  77  6:37  Factory  
  77  6:38  Hellion, Factory  
  79  6:40  Factory  
  79  6:41  Missile Turret, Viking x2  
  80  6:50  SCV  
  82  6:54  Hellion  
  77  7:01  SCV x2  
  77  7:04  Siege Tank  
  77  7:07  SCV  
  80  7:08  Missile Turret  
  80  7:10  Missile Turret  
  80  7:11  Missile Turret  
  80  7:13  SCV  
  81  7:30  Factory Tech Lab, Factory Reactor  
  81  7:31  Factory Tech Lab  
  81  7:35  SCV  
  81  7:36  Supply Depot  
  86  7:44  Supply Depot  
  86  7:45  Sensor Tower  
Show
View Real Time Build Order
Export as new Build Order

CinDra Zerg 

Build Orders: Hatch First 

Get SALT Encoding   

  12  0:01  Drone  
  13  0:13  Overlord  
  13  0:17  Drone  
  14  0:31  Drone x2  
  16  0:38  Drone  
  17  0:54  Hatchery  
  17  0:55  Drone  
  17  1:01  Drone  
  18  1:09  Drone  
  19  1:17  Extractor  
  18  1:22  Spawning Pool, Drone  
  18  1:37  Drone  
  19  1:42  Drone  
  20  1:55  Drone  
  21  2:04  Drone  
  22  2:09  Queen x2  
  22  2:11  Zergling x2  
  22  2:12  Zergling x2  
  28  2:16  Overlord  
  28  2:20  Metabolic Boost  
  27  2:45  Zergling x6  
  29  3:01  Drone x3  
  29  3:02  Drone x2  
  32  3:34  Drone x2  
  32  3:35  Drone x2  
  36  3:41  Overlord x2  
  36  3:47  Extractor, Drone  
  36  3:59  Queen  
  38  4:04  Hatchery, Drone x6  
  38  4:08  Pneumatized Carapace  
  43  4:21  Drone x4  
  43  4:22  Baneling Nest, Drone x2  
  48  4:32  Drone x2  
  50  4:50  Zergling x4  
  50  4:51  Overlord  
  50  4:52  Overlord x5  
  52  4:55  Extractor  
  52  4:57  Extractor  
  52  4:59  Lair  
  50  5:32  Drone  
  50  5:33  Drone x4  
  55  5:37  Drone x3  
  55  5:40  Zergling x10  
  63  5:47  Zergling x4  
  63  5:54  Baneling  
  63  5:55  Baneling x5  
  58  6:22  Zergling x2  
  58  6:23  Zergling x10  
  54  6:35  Zergling x4  
  39  7:08  Queen  
  39  7:10  Zergling x20  
  53  7:26  Drone x2  
Tags
 
Composition
Mech
League
Silver
Matchup
TvZ
Spawn Locations
Cross Positions
Add a new tag
Caveats
  • Supply blocks, unpowered buildings, or Contaminate may cause inaccurate times.
  • Supply counts are checked every 10 seconds.